AoeStats
← 纪忆

Arena

509862950Analyzed
4v4 RM · 4d ago on Sep 28, 2026· 35m 12s· 8 players
Game mode
Random Map
Map size
Large (8 player)
Population
200
Speed
Normal
Resources
Standard
Victory
Conquest
Starting age
Dark Age
Ending age
Imperial Age
RankedLock teamsTeams togetherTeam positionsShared explorationLock speedFull tech treeHidden civsTurbo modeCheats
Victory
Defeat
🇭🇰 Cumans · Hong Kong SAR China
1554
+11
🇨🇳 Turks · China
1533
+11
🇭🇰 Poles · Hong Kong SAR China
1368
+18
🇨🇳 Danes · China
1344
+20
🇯🇵 Varangians · Japan
1465
-17
🇧🇪 Teutons · Belgium
1433
-15
🇨🇳 Huns · China
1420
-15
🇺🇦 Slavs · Ukraine
1376
-13
Boyser
5:09 Loom
8:32 Feudal Age
10:11 Fletching
12:55 Double-Bit Axe
12:59 Horse Collar
21:51 Castle Age
22:33 Bodkin Arrow
エメリン
11:06 Feudal Age
12:03 Double-Bit Axe
15:09 Castle Age
12:57 Horse Collar
14:08 Town Watch
16:13 Heavy Plow
16:24 Bow Saw
18:57 Loom
24:02 Bloodlines
23:53 Husbandry
24:17 Gold Mining
25:25 Stone Mining
25:38 Pikeman
26:18 Squires
31:10 Imperial Age
29:18 Wheelbarrow
29:02 Forging
28:58 Scale Barding Armor
29:39 Scale Mail Armor
29:30 Fletching
31:15 Iron Casting
31:42 Chain Barding Armor
31:38 Chain Mail Armor
31:15 Halberdier
33:14 Druzhina
33:35 Conscription
34:17 Blast Furnace
33:58 Ballistics
34:38 Chemistry
店小贰
10:28 Feudal Age
11:37 Loom
14:03 Castle Age
12:03 Double-Bit Axe
12:33 Horse Collar
14:57 Bow Saw
21:52 Wheelbarrow
23:30 Stone Mining
24:09 Fortified Wall
25:06 Stone Shaft Mining
25:03 Loom
30:09 Imperial Age
29:02 Heavy Plow
30:17 Forging
30:13 Scale Barding Armor
30:20 Gold Mining
30:12 Elite Jarl
31:13 Conscription
32:47 Forging
32:38 Scale Mail Armor
34:15 Two-Man Saw
33:26 Scale Mail Armor
33:33 Scale Barding Armor
34:06 Iron Casting
34:50 Bloodlines
34:40 Husbandry
35:29 Scale Mail Armor
36:32 Blast Furnace
825889483
11:04 Feudal Age
12:51 Double-Bit Axe
15:09 Castle Age
13:15 Horse Collar
18:07 Loom
18:39 Fletching
31:15 Imperial Age
29:57 Bloodlines
29:47 Husbandry
31:57 Cavalier
kenny yip
8:30 Feudal Age
9:11 Double-Bit Axe
9:10 Horse Collar
12:19 Loom
16:05 Wheelbarrow
19:38 Castle Age
17:37 Gold Mining
17:54 Loom
18:51 Scale Barding Armor
18:57 Forging
19:38 Bloodlines
20:53 Bow Saw
20:55 Heavy Plow
22:05 Hand Cart
22:05 Capped Ram
25:24 Stone Mining
26:10 Gold Shaft Mining
29:54 Imperial Age
28:55 Chain Barding Armor
29:10 Iron Casting
31:14 Coinage
31:21 Siege Ram
32:38 Plate Barding Armor
31:27 Cavalier
33:41 Blast Furnace
33:17 Paladin
35:03 Fletching
35:14 Padded Archer Armor
34:46 Siege Ram
冰烧雪苏打
10:51 Feudal Age
14:43 Castle Age
12:53 Double-Bit Axe
13:00 Horse Collar
14:39 Loom
16:45 Heavy Plow
16:56 Bow Saw
19:06 Scale Mail Armor
22:23 Chain Mail Armor
26:13 Hamask
27:37 Gold Mining
31:10 Imperial Age
29:37 Forging
34:51 Elite Jomsviking
纪忆
10:40 Feudal Age
14:29 Castle Age
12:51 Double-Bit Axe
12:49 Horse Collar
13:26 Double-Bit Axe
15:40 Bow Saw
20:43 Wheelbarrow
22:31 Hand Cart
23:03 Loom
27:24 Imperial Age
25:34 Scale Barding Armor
25:35 Gold Mining
25:35 Stone Mining
26:41 Bloodlines
26:31 Husbandry
27:45 Gold Shaft Mining
27:43 Chain Barding Armor
27:55 Heavy Plow
27:34 Heavy Camel Rider
29:36 Plate Barding Armor
29:53 Forging
31:34 Iron Casting
31:24 Conscription
34:27 Two-Man Saw
34:45 Blast Furnace
33:35 Fletching
34:12 Bodkin Arrow
34:26 Thumb Ring
35:15 Sipahi
35:03 Bracer
35:03 Padded Archer Armor
35:31 Parthian Tactics
36:06 Coinage
猫粮都输光
11:00 Feudal Age
10:43 Loom
17:59 Castle Age
18:50 Double-Bit Axe
28:33 Horse Collar
30:34 Gold Mining
34:46 Imperial Age
32:30 Fletching
33:20 Ballistics
33:22 Bodkin Arrow
34:41 Wheelbarrow
34:13 Padded Archer Armor
34:09 Crossbowman
35:08 Arbalester
Connection lost

Rejoining the realm…

Still unreachable

The connection could not be restored.

Session expired

The server has moved on; the page needs a fresh start.